 Dungeon Crawl Stone Soup version 0.27-a0-1281-ge233d83751 (webtiles) character file.

Game seed: 16565575977740514126

9 Azzok the Chopper (level 2, 27/36 HPs)
             Began as a Demonspawn Berserker on June 13, 2021.
             Was a Follower of Trog.
             Quit the game on level 1 of the Dungeon.
             The game lasted 00:00:15 (167 turns).

Azzok the Chopper (Demonspawn Berserker)             Turns: 167, Time: 00:00:16

Health: 27/36      AC:  2    Str: 17    XL:     2   Next: 6%
Magic:  2/2        EV: 12    Int:  8    God:    Trog [*.....]
Gold:   3          SH:  0    Dex: 12    Spells: 1/1 levels left

rFire    . . .     SeeInvis .   a - +0 hand axe
rCold    . . .     Faith    .   (no shield)
rNeg     . . .     Spirit   .   b - +0 animal skin
rPois    .         Reflect  .   (no helmet)
rElec    .         Harm     .   (no cloak)
rCorr    .         Rampage  .   (no gloves)
Will     .....                  (no boots)
Stlth    ..........             (no amulet)
HPRegen  0.12/turn              (no ring)
MPRegen  0.08/turn              (no ring)

@: berserking (expiring), very quick
A: demonic magic 1
a: Renounce Religion, Berserk


You were on level 1 of the Dungeon.
You worshipped Trog.
Trog was aware of your devotion.
You visited 1 branch of the dungeon, and saw 1 of its levels.

You collected 3 gold pieces.

Inventory:

Hand Weapons
 a - a +0 hand axe (weapon)
Armour
 b - a +0 animal skin (worn)


   Skills:
 - Level 3.0 Fighting
 + Level 3.3 Axes
 - Level 1.7 Armour
 - Level 1.7 Dodging


You had one spell level left.
You didn't know any spells.
Your spell library was empty.

Dungeon Overview and Level Annotations

Branches:
Dungeon (1/15)

Altars:


Innate Abilities, Weirdness & Mutations

Spells you cast may paralyse adjacent enemies.


Message History

The jackal bites you but does no damage.
The endoplasm quivers.
You hit the jackal but do no damage. x2; The jackal closely misses you.
The jackal bites you but does no damage.
A kobold comes into view.
It is wielding a +0 short sword of venom.
The jackal misses you.
A red film seems to cover your vision as you go berserk!
You feel yourself moving faster!
You feel mighty! The jackal bites you. The jackal barely misses you.
The jackal bites you but does no damage.
You closely miss the jackal. x2; The jackal barely misses you. x2
You slash the jackal!
You kill the jackal!
Trog accepts your kill.
You closely miss the jackal. The jackal closely misses you.
Your Axes skill increases to level 3!
The endoplasm closely misses you.
The jackal bites you but does no damage.
You slash the endoplasm!
You kill the endoplasm!
Trog accepts your kill.
You closely miss the jackal. You hit the jackal but do no damage.
The jackal bites you. The jackal barely misses you.
The jackal barely misses you. The jackal closely misses you.
The kobold barely misses you.
You closely miss the kobold. You closely miss the jackal. You hit the jackal.
The jackal bites you but does no damage. x2
You hit the kobold.
You kill the kobold!
Trog accepts your kill.
You slash the jackal!
You kill the jackal!
Trog accepts your kill.
You hit the jackal.
You kill the jackal!
Trog accepts your kill.
You have reached level 2!
Your demonic ancestry asserts itself...
A menacing aura infuses your magic.
Are you sure you want to abandon this character and quit the game? (Confirm with "yes".)

▒·▒· ▒·▒) ▒ ▒·▒· ▒· ··▒·
·▒▒·▒▒▒▒▒▒▒▒▒▒▒▒▒▒▒▒▒▒▒·
························
·▒▒·▒·▒·▒·▒·▒▒▒▒·▒·▒·▒▒·
····▒···▒·▒·▒ ▒·▒·▒·▒▒·
▒··†@▒·▒·▒ ▒·▒·▒·▒▒·
▒▒·▒)▒·▒·▒ ▒········
▒·▒·▒·▒·▒ ▒·▒·▒·▒▒·
▒·▒·▒·▒·▒ ▒·▒·▒·▒▒· ▒
··▒·▒▒▒ ▒·▒···· · ·····
······· ▒▒▒


There were no monsters in sight!

Vanquished Creatures
  2 bats (D:1)
  An endoplasm (D:1)
  3 jackals (D:1)
  A goblin (D:1)
  A kobold (D:1)
8 creatures vanquished.

Notes
Turn   | Place    | Note
-------+----------+-------------------------------------------
     0 | D:1      | Azzok the Demonspawn Berserker began the quest for the Orb.
     0 | D:1      | Reached XP level 1. HP: 18/18 MP: 1/1
   167 | D:1      | Gained mutation: Spells you cast may paralyse adjacent
                  | enemies. [demonic ancestry]
   167 | D:1      | Reached XP level 2. HP: 24/24 MP: 2/2
   167 | D:1      | Quit the game

Illustrated notes

Levels and vault maps discovered:
D:1:      matt_arrival_spirals, layout_basic, serial_curves, eino_curves_03,
          eino_curves_02

Skill      XL: |  1 |
---------------+----+-----
Axes           | 3 |  3.3
Fighting       | |  3.0
Armour         | |  1.7
Dodging        | |  1.7

Action                   || total
-------------------------++-------
Melee: Hand axe          ||    12
Invok: Berserk           ||     1
Armor: Animal skin       ||     9
Dodge: Dodged            ||    15

Table legend: (Time is in decaauts)
 A = Elapsed time spent in this place.
 B = Non-inter-level travel time spent in this place.
 C = Inter-level travel time spent in this place.
 D = Time resting spent in this place.
 E = Time spent auto-exploring this place.
 F = Levels seen in this place.
 G = Mean time per level.
                   A        B        C        D        E       F      G
               +--------+--------+--------+--------+--------+-----+--------+
         Total |    166 |    166 |      0 |      4 |    134 |   1 |  166.0 |
       Dungeon |    166 |    166 |      0 |      4 |    134 |   1 |  166.0 |
               +--------+--------+--------+--------+--------+-----+--------+

Top non-repeatable levels by time:
     D:1: 166 daAuts
